 Dungeon Crawl Stone Soup version 0.30-a0-883-g5ad918d77d (webtiles) character file.

Game seed: 2841122352781653072

3 Pimp the Chiller (level 1, -3/13 HPs)
             Began as a Demonspawn Wanderer on Mar 16, 2023.
             Slain by a gnoll
             ... wielding a +0 club
              (7 damage)
             ... on level 1 of the Dungeon.
             The game lasted 00:00:39 (155 turns).

Pimp the Chiller (Demonspawn Wanderer)               Turns: 155, Time: 00:00:40

Health: -3/13      AC:  3    Str: 13    XL:     1   Next: 41%
Magic:  0/2        EV: 11    Int: 14    God:
Gold:   15         SH:  0    Dex: 10    Spells: 1/2 levels left

rFire   . . .      SeeInvis .    a - +0 spear
rCold   . . .      Faith    .    (no shield)
rNeg    . . .      Spirit   .    d - +0 robe
rPois   .          Reflect  .    (no helmet)
rElec   .          Rampage  .    b - +0 cloak
rCorr   .                        (no gloves)
Will    .....                    (no boots)
Stlth   +                        (no amulet)
HPRegen 0.22/turn                (no ring)
MPRegen 0.08/turn                (no ring)

@: no status effects
A: no striking features
a: no special abilities


You were on level 1 of the Dungeon.
You visited 1 branch of the dungeon, and saw 1 of its levels.

You collected 15 gold pieces.

Inventory:

Hand Weapons
 a - a +0 spear (weapon)
Armour
 b - a +0 cloak (worn)
 d - a +0 robe (worn)
Potions
 c - a potion of berserk rage


   Skills:
 + Level 1.0 Polearms
 + Level 1.0 Armour
 + Level 1.0 Dodging
 - Level 1.0 Stealth
 + Level 1.0 Spellcasting
 + Level 3.6 Ice Magic
 + Level 1.1 Evocations


You had one spell level left.
You knew the following spells:

 Your Spells              Type           Power      Damage    Failure   Level
a - Freeze                Ice            40%        1d6       6%          1

Your spell library contained the following spells:

 Spells                   Type           Power      Damage    Failure   Level
 Frozen Ramparts          Ice            20%        1d4       19%         3
 Summon Ice Beast         Ice/Summ       5%         N/A       77%         4


Dungeon Overview and Level Annotations

Branches:
Dungeon (1/15)

Altars:


Message History

There is a large open door here.
There is a large open door here.
You open the door.
There is an open door here.
A gnoll and an endoplasm come into view.
There are monsters nearby!
A quokka comes into view.
The gnoll shouts!
You hear an angry hiss.
The endoplasm misses you.
Casting: Freeze (safe; 6% risk of failure)
Confirm with . or Enter, or press ? or * to list all spells.
Aiming: Freeze (safe; 6% risk of failure)
Press: ? - help, Shift-Dir - straight line, f - endoplasm
Aim: an endoplasm You freeze the endoplasm.
The endoplasm is almost dead.
A frilled lizard comes into view.
The endoplasm closely misses you.
Unknown command.
You hit the endoplasm.
You kill the endoplasm!
The quokka closely misses you.
You closely miss the quokka. The quokka closely misses you.
The frilled lizard hisses.
You closely miss the quokka. The quokka bites you. The gnoll barely misses you.
Casting: Freeze (safe; 6% risk of failure)
Confirm with . or Enter, or press ? or * to list all spells.
Aiming: Freeze (safe; 6% risk of failure)
Press: ? - help, Shift-Dir - straight line, f - quokka
Aim: a quokka You freeze the quokka.
The quokka is severely wounded.
The quokka misses you. The gnoll hits you with a +0 club. The quokka bites you.
Casting: Freeze (safe; 6% risk of failure)
Confirm with . or Enter, or press ? or * to list all spells.
You don't have enough magic to cast this spell.
Unknown command.
The gnoll hits you with a +0 club!
Ouch! That really hurt!
You die...

###### ####
#....######### ...######
#....#.......# ........#
#....@r......#
........####.....g......#
...........#.......######
...........'.......l...
####.###...#...........#
# #.##....#............ #
#.##....#............ #
#.##....#............
####.##....#......#####.


You could see a gnoll, a quokka and a frilled lizard.

Vanquished Creatures
  A bat (D:1)
  An endoplasm (D:1)
  A frilled lizard (D:1)
3 creatures vanquished.

Notes
Turn   | Place    | Note
-------+----------+-------------------------------------------
     0 | D:1      | Pimp the Demonspawn Wanderer began the quest for the Orb.
     0 | D:1      | Pimp set off with the following items: a +0 spear, a +0
                  | cloak, a potion of berserk rage, a +0 robe; and the
                  | following spell memorised: Freeze; and the following spells
                  | available to memorise: Frozen Ramparts, Summon Ice Beast.
     0 | D:1      | Reached XP level 1. HP: 13/13 MP: 2/2
   155 | D:1      | Slain by a gnoll

Illustrated notes

Levels and vault maps discovered:
D:1:      eino_arrival_water_cross, layout_basic, kennysheep_doodads,
          patterned_corridor

Action                     || total
---------------------------++-------
  Melee: Spear             ||     3
   Cast: Freeze            ||     5
 Armour: Robe              ||     1
  Dodge: Dodged            ||    10

Table legend: (Time is in decaauts)
 A = Elapsed time spent in this place.
 B = Non-inter-level travel time spent in this place.
 C = Inter-level travel time spent in this place.
 D = Time resting spent in this place.
 E = Time spent auto-exploring this place.
 F = Levels seen in this place.
 G = Mean time per level.
                   A        B        C        D        E       F      G
               +--------+--------+--------+--------+--------+-----+--------+
         Total |    155 |    155 |      0 |      0 |    126 |   1 |  155.0 |
       Dungeon |    155 |    155 |      0 |      0 |    126 |   1 |  155.0 |
               +--------+--------+--------+--------+--------+-----+--------+

Top non-repeatable levels by time:
     D:1: 155 daAuts
